 Dungeon Crawl Stone Soup version 0.18-a0-1729-g8b70789 (webtiles) character file.

412 Geeful the Chiller (level 6, -2/36 HPs)
             Began as an Octopode Ice Elementalist on Apr 10, 2016.
             Slain by an ice beast (7 damage)
             ... on level 5 of the Dungeon.
             The game lasted 00:16:48 (6259 turns).

Geeful the Chiller (Octopode Ice Elementalist)      Turns: 6259, Time: 00:16:49

Health: -2/36      AC:  1    Str:  8    XL:     6   Next: 90%
Magic:  11/11      EV: 13    Int: 18    God:
Gold:   137        SH:  0    Dex: 13    Spells: 3 memorised, 4 levels left

rFire  . . .     SeeInvis .     s - +0 war axe
rCold  . . .     Gourm    .     (no shield)
rNeg   . . .     Faith    .     (helmet restricted)
rPois  .         Spirit   .     (no amulet)
rElec  .         Dismiss  .     t - ring of sustain attributes
rCorr  .         Reflect  .     (no ring)
SustAt +         Harm     .     (no ring)
MR     .....                    (no ring)
Stlth  +++.......               (no ring)
                                (no ring)
                                (no ring)
                                (no ring)

@: not resistant to hostile enchantments, fairly stealthy
A: almost no armour, amphibious, 8 rings, constrict 8, camouflage 1, gelatinous
body 1
a: no special abilities


You were on level 5 of the Dungeon.
You were not hungry.

You visited 1 branch of the dungeon, and saw 5 of its levels.

You collected 137 gold pieces.

Inventory:

Hand Weapons
 s - a +0 war axe (weapon)
Missiles
 p - 21 poisoned needles
 q - 3 javelins of penetration (quivered)
Jewellery
 t - a ring of sustain attributes (left tentacle)
Wands
 y - a wand of confusion (12/48)
 D - a wand of flame (0/48)
Scrolls
 c - a scroll of amnesia
 d - 3 scrolls of teleportation {unknown}
 e - a scroll of immolation {unknown}
 j - 3 scrolls of blinking {unknown}
 k - 2 scrolls of fear {unknown}
 n - 3 scrolls of enchant weapon
 o - 2 scrolls of remove curse {unknown}
 r - a scroll of fog {unknown}
 w - a scroll of enchant armour {unknown}
 B - 2 scrolls of recharging {unknown}
Potions
 f - a potion of haste
 g - a potion of brilliance
 h - a potion of heal wounds {unknown}
 i - 2 potions of agility {unknown}
 l - a potion of lignification {unknown}
 x - a potion of curing {unknown}
 z - a potion of ambrosia {unknown}
 C - a potion of flight {unknown}
Books
 a - a book of Frost

   Spells                             Type                      Level
   a - Freeze                         Ice                          1
   b - Throw Frost                    Conjuration/Ice              2
   c - Ozocubu's Armour               Charms/Ice                   3
   d - Throw Icicle                   Conjuration/Ice              4
   e - Summon Ice Beast               Ice/Summoning                4
 v - a book of the Earth

   Spells                             Type                      Level
   a - Leda's Liquefaction            Hexes/Earth                  4
   b - Bolt of Magma                  Conjuration/Fire/Earth       5
   c - Statue Form                    Transmutation/Earth          6
   d - Iron Shot                      Conjuration/Earth            6
   e - Shatter                        Earth                        9
Comestibles
 b - 5 bread rations
 m - 2 meat rations
 u - a beef jerky


   Skills:
 + Level 4.0 Dodging
 - Level 2.6 Stealth
 + Level 3.7 Spellcasting
 - Level 1.0 Conjurations
 * Level 5.5 Ice Magic


You had 4 spell levels left.
You knew the following spells:

 Your Spells              Type           Power        Failure   Level  Hunger
a - Freeze                Ice            ###.         1%          1    None
b - Ozocubu's Armour      Chrm/Ice       ##......     17%         3    ###....
c - Throw Icicle          Conj/Ice       ###.....     41%         4    ####...


Dungeon Overview and Level Annotations

Branches:
Dungeon (5/15)
 Temple: D:4-7

Altars:
Ashenzari
Fedhas
Pakellas
Ru
Sif Muna
Xom


Innate Abilities, Weirdness & Mutations

You cannot wear most types of armour.
You are amphibious.
You can wear up to eight rings at the same time.
You can use your tentacles to constrict eight enemies at once.
Your skin changes colour to match your surroundings (Stealth).
Your rubbery body absorbs attacks (AC +1).


Message History

Okay, then.
You closely miss the ice beast.
The ice beast is almost dead.
The ice beast closely misses you.
You hit the ice beast but do no damage.
The ice beast is almost dead.
The ice beast hits you. The ice beast freezes you!
* * * LOW HITPOINT WARNING * * *
The ice beast misses you.
Evoke which item? (* to show all) (? for menu, Esc to quit)
Zapping:
y - a wand of confusion (13/48)
Press: ? - help, Shift-Dir - straight line, f/p - ice beast
Aim: an ice beast (almost dead, chance to defeat MR: 46%)
The ice beast appears confused.
This wand has 12 charges left.
You barely miss the ice beast.
The ice beast is almost dead.
The ice beast hits you.
* * * LOW HITPOINT WARNING * * *
The ice beast freezes you!
You die...

########
################......###
#..............#......+..
#.......Y......#......#..
#.......@......#......#..
#..............#......#..
#.............>#......#..
#..###.###.##..#......#..
######.###.##..###....#..
#.....>.......#....#..
#.............#....'..
#.............'....#..
######'####.###..##....#.#


You could see an ice beast (confused).

Vanquished Creatures
  An ogre (D:4)
  A jelly (D:5)
  A centaur zombie (D:5)
  An iguana (D:4)
  2 worker ants
  A hound zombie (D:4)
  7 adders
  A gnoll (D:5)
  2 oozes
  5 dart slugs
  4 giant geckos
  3 orcs
  2 bats
  2 giant cockroaches
  7 goblins
  9 hobgoblins
  12 jackals
  3 kobolds
  2 quokkas (D:4)
  A ball python (D:1)
  A giant newt (D:3)
  7 rats
75 creatures vanquished.

Vanquished Creatures (others)
  A very ugly thing (D:2)
1 creature vanquished.

Grand Total: 76 creatures vanquished

Notes
Turn   | Place    | Note
--------------------------------------------------------------
     0 | D:1      | Geeful the Octopode Ice Elementalist began the quest for the Orb.
     0 | D:1      | Reached XP level 1. HP: 11/11 MP: 3/3
   356 | D:1      | Reached XP level 2. HP: 14/17 MP: 5/5
   360 | D:1      | Found a shattered altar of Ashenzari.
  1137 | D:1      | Reached XP level 3. HP: 12/21 MP: 2/6
  2034 | D:2      | Found a faded altar to an unknown god.
  2512 | D:2      | Found an oddly glowing altar of Pakellas.
  2513 | D:2      | Noticed a brown very ugly thing
  2524 | D:2      | Killed a brown very ugly thing
  2613 | D:2      | Reached skill level 4 in Ice Magic
  2613 | D:2      | Reached XP level 4. HP: 21/27 MP: 5/7
  2945 | D:2      | Learned a level 3 spell: Ozocubu's Armour
  3125 | D:3      | Reached XP level 5. HP: 12/31 MP: 0/9
  3992 | D:3      | Found a deep blue altar of Sif Muna.
  4171 | D:3      | Found a shimmering altar of Xom.
  4530 | D:4      | Noticed an ogre
  4538 | D:3      | Learned a level 4 spell: Throw Icicle
  4579 | D:4      | Found a blossoming altar of Fedhas.
  4731 | D:4      | Killed an ogre
  4731 | D:4      | Reached skill level 5 in Ice Magic
  4731 | D:4      | Reached XP level 6. HP: 36/36 MP: 9/11
  5043 | D:4      | Found a sacrificial altar of Ru.
  5328 | D:5      | Entered Level 5 of the Dungeon
  5379 | D:5      | HP: 1/36 [centaur zombie (6)]
  5870 | D:5      | Noticed an ice beast
  6259 | D:5      | Slain by an ice beast

Vault maps used:
D:1:      elethiomel_arrival_shortcut, evilmike_ruin_ashenzari
D:2:      ecumenical_altar_2, gammafunk_pakellas_spire_experiment
D:3:      lemuel_blue_sif_altar, xom_teletrap_fun
D:4:      lemuel_upstairs_altar, lemuel_crystal_altar, first_bread,
          nicolae_ru_awakened_eye

Skill      XL: |  1  2  3  4  5  6 |
---------------+-------------------+-----
Ice Magic      | 4 5 |  5.5
Dodging        | 3 4 |  4.0
Spellcasting   | 3 |  3.7
Stealth        | |  2.6
Conjurations   | |  1.0

Action                   |  1- 3 |  4- 6 || total
-------------------------+-------+-------++-------
Melee: Unarmed           |   115 |    58 ||   173
       War axe           |       |    59 ||    59
Throw: Javelin           |       |     5 ||     5
 Cast: Freeze            |     9 |    19 ||    28
       Ozocubu's Armour  |       |     3 ||     3
Evoke: Wand              |       |    14 ||    14
  Use: Scroll            |       |     5 ||     5
 Stab: Sleeping          |    10 |     6 ||    16
       Distracted        |     1 |       ||     1
  Eat: Chunk             |     5 |    12 ||    17
